 Dungeon Crawl Stone Soup version 0.19.4-8-ga85b6b9 (webtiles) character file.

611 Haldmier the Slasher (level 7, -2/45 HPs)
             Began as a High Elf Skald on Feb 12, 2017.
             Was an Initiate of Ashenzari.
             Slain by a phantom (7 damage)
             ... on level 4 of the Dungeon.
             The game lasted 00:20:47 (5063 turns).

Haldmier the Slasher (High Elf Skald)               Turns: 5063, Time: 00:20:48

Health: -2/45      AC:  7    Str: 13    XL:     7   Next: 20%
Magic:  2/11       EV: 11    Int: 17    God:    Ashenzari [......]
Gold:   8          SH:  0    Dex: 14    Spells: 4 memorised, 1 level left

rFire  . . .     SeeInvis .     g - +1 dagger (flame)
rCold  . . .     Gourm    .     b - +0 leather armour
rNeg   . . .     Faith    .     (no shield)
rPois  .         Spirit   .     (no helmet)
rElec  .         Reflect  .     (no cloak)
rCorr  .         Harm     .     k - +2 pair of gloves (curse)
MR     .....                    r - +0 pair of boots
Stlth  +.........               p - amulet of rage
                                (no ring)
                                (no ring)

@: no status effects
A: no striking features
a: Curse Item, Renounce Religion, Evoke Berserk Rage


You were on level 4 of the Dungeon.
You worshipped Ashenzari.
Ashenzari was noncommittal.
You were not hungry.

You visited 1 branch of the dungeon, and saw 4 of its levels.

You collected 151 gold pieces.
You spent 143 gold pieces at shops.

Inventory:

Hand Weapons
 a - a +0 falchion
 g - a +1 dagger of flaming (weapon)
 u - a +0 whip of venom
Missiles
 x - 3 tomahawks (quivered)
Armour
 b - a +0 leather armour (worn)
 j - a +0 ring mail
 k - a cursed +2 pair of gloves (worn)
 r - a +0 pair of boots (worn)
Jewellery
 p - an amulet of rage (around neck)
Wands
 w - a wand of polymorph (9/24)
Scrolls
 f - 4 scrolls of remove curse
 h - 3 scrolls of fog
 i - a scroll of enchant weapon {unknown}
 m - a scroll of random uselessness {unknown}
 q - a scroll of enchant armour {unknown}
 y - a scroll of teleportation
Potions
 e - 4 potions of curing
 n - a potion of agility
 o - a potion of might
 s - a potion of haste
 v - a potion of magic {unknown}
 z - a potion of ambrosia {unknown}
 A - a potion of resistance
Books
 c - a book of Battle

   Spells                             Type                      Level
   a - Infusion                       Charms                       1
   b - Shroud of Golubria             Charms/Translocation         2
   c - Song of Slaying                Charms                       2
   d - Spectral Weapon                Hexes/Charms                 3
   e - Regeneration                   Charms/Necromancy            3
Comestibles
 d - 6 bread rations
 l - 2 meat rations
 t - 3 chunks of flesh


   Skills:
 - Level 2.0 Fighting
 + Level 6.4 Long Blades
 - Level 0.8 Armour
 - Level 1.1 Dodging
 - Level 2.4 Spellcasting
 + Level 3.9 Hexes
 - Level 3.6 Charms
 + Level 1.9 Necromancy
 - Level 3.2 Translocations


You had one spell level left.
You knew the following spells:

 Your Spells              Type           Power        Failure   Level  Hunger
a - Infusion              Chrm           ##..         8%          1    #......
b - Shroud of Golubria    Chrm/Tloc      ##........   10%         2    ##.....
c - Spectral Weapon       Hex/Chrm       ##......     17%         3    ###....
d - Regeneration          Chrm/Necr      ##........   28%         3    ###....


Dungeon Overview and Level Annotations

Branches:
Dungeon (4/15)
 Temple: D:4-7

Altars:
Ashenzari
Gozag

Shops:
D:4 ?

Annotations:
D:4 Atlantean's ghost, amateur GrFi


Message History

You closely miss the hound.
The hound is severely wounded.
Your spectral weapon misses the hound.
The hound bites you but does no damage. The phantom hits you.
* * * LOW HITPOINT WARNING * * *
You take 6 damage, and have 7/45 hp.
You barely miss the hound.
The hound is severely wounded.
Your spectral weapon barely misses the hound.
The hound barely misses you. The phantom hits you.
* * * LOW HITPOINT WARNING * * *
You take 2 damage, and have 5/45 hp.
You closely miss the hound.
The hound is severely wounded.
Your spectral weapon misses the hound.
The hound bites you but does no damage.
You closely miss the hound.
The hound is severely wounded.
Your spectral weapon barely misses the hound.
The hound misses you. The phantom hits you!
You die...

###
#####..##
#...#
#...##
#....#
#....#
#....#
#....#
#....#
###.@(.#
#..Wh###
###.##
..## #...
.....
#.....
##....
#....


You could see a phantom, a hound and a friendly spectral dagger of flaming.

Vanquished Creatures
  Sigmund (D:4)
  A phantom (D:4)
  An orc priest (D:3)
  Jessica (D:3)
  2 orc wizards
  3 worker ants
  3 gnolls (D:2)
  6 adders
  3 oozes
  3 worms
  6 orcs
  6 giant cockroaches
  6 goblins
  5 hobgoblins
  5 jackals
  12 bats
  7 frilled lizards
  4 kobolds
  15 rats
90 creatures vanquished.

Notes
Turn   | Place    | Note
-------+----------+-------------------------------------------
     0 | D:1      | Haldmier the High Elf Skald began the quest for the Orb.
     0 | D:1      | Reached XP level 1. HP: 14/14 MP: 4/4
   134 | D:1      | Reached skill level 3 in Long Blades
   509 | D:1      | Reached XP level 2. HP: 16/19 MP: 6/6
   513 | D:1      | Learned a level 2 spell: Shroud of Golubria
   760 | D:1      | Reached skill level 1 in Translocations
   936 | D:1      | Reached XP level 3. HP: 23/24 MP: 3/7
   941 | D:1      | Learned a level 3 spell: Spectral Weapon
  1328 | D:1      | Reached skill level 4 in Long Blades
  1582 | D:2      | Reached skill level 1 in Hexes
  1684 | D:2      | HP: 1/24 [bat (1)]
  1972 | D:2      | Reached XP level 4. HP: 29/29 MP: 5/8
  2453 | D:2      | Found a shattered altar of Ashenzari.
  2521 | D:2      | Became a worshipper of Ashenzari the Shackled
  3060 | D:2      | Reached XP level 5. HP: 23/34 MP: 3/9
  3229 | D:3      | Reached skill level 5 in Long Blades
  3365 | D:3      | Noticed Jessica
  3392 | D:3      | Killed Jessica
  3754 | D:3      | Found an opulent altar of Gozag.
  4139 | D:3      | Reached XP level 6. HP: 35/39 MP: 10/10
  4191 | D:3      | Learned a level 3 spell: Regeneration
  4306 | D:4      | Found Caikol's Magic Scroll Shop.
  4350 | D:4      | Bought a scroll of teleportation for 39 gold pieces
  4350 | D:4      | Bought a scroll of identify for 26 gold pieces
  4354 | D:4      | Bought a scroll of identify for 26 gold pieces
  4354 | D:4      | Bought a scroll of identify for 26 gold pieces
  4359 | D:4      | Bought a scroll of fog for 26 gold pieces
  4400 | D:4      | Noticed Atlantean's ghost (amateur GrFi)
  4633 | D:4      | Noticed Sigmund
  4656 | D:4      | Killed Sigmund
  4656 | D:4      | Reached skill level 6 in Long Blades
  4656 | D:4      | Reached skill level 1 in Necromancy
  4758 | D:4      | Reached XP level 7. HP: 23/45 MP: 4/11
  5063 | D:4      | Slain by a phantom

Skill      XL: |  1  2  3  4  5  6 |
---------------+-------------------+-----
Long Blades    | 3 4 5 6 |  6.4
Translocations | 1 2 3 |  3.2
Hexes          | 1 2 3 |  3.9
Necromancy     | 1 |  1.9
Fighting       | |  2.0
Armour         | |  0.8
Dodging        | |  1.1
Spellcasting   | |  2.4
Charms         | |  3.6

Action                   |  1- 3 |  4- 6 |  7- 9 || total
-------------------------+-------+-------+-------++-------
Melee: Falchion          |    20 |       |       ||    20
       Dagger            |    87 |   131 |    47 ||   265
       Whip              |       |    39 |       ||    39
 Cast: Infusion          |    15 |    10 |     1 ||    26
       Shroud of Golubri |     2 |    12 |     3 ||    17
       Spectral Weapon   |       |     6 |     5 ||    11
       Regeneration      |       |     5 |     1 ||     6
Invok: Curse Item        |       |     1 |       ||     1
  Use: Scroll            |       |     6 |       ||     6
 Stab: Sleeping          |       |     1 |       ||     1
       Distracted        |       |     1 |       ||     1
  Eat: Chunk             |     3 |    12 |     2 ||    17
Armor: Leather armour    |    42 |    62 |     9 ||   113
Dodge: Dodged            |    68 |   106 |    19 ||   193
       Rpst.: Falchion   |     6 |       |       ||     6
